3AAA
AUGUSTA TIMBER HAWKS @ PENNSAUKEN FLYERS
07/12/2038
 
TOP OF THE 1ST
Augusta Timber Hawks batting - Pitching for Pennsauken Flyers : RHP Santo Velazco
Pitching: RHP Santo Velazco
Batting: SHB Francisco Enríquez 0-0: Foul Ball, location: 2F
0-1: Ball
1-1: Ground out 6-3 (Groundball, 6MS, EV 81.9 MPH)
Batting: LHB César Gómes 0-0: Ball
1-0: Foul Ball, location: 2F
1-1: Ball
2-1: Fly out, F7 (Flyball, 7LS, EV 87.5 MPH)
Batting: LHB Henry Buckley 0-0: Ball
1-0: Called Strike
1-1: Called Strike
1-2: Ball
2-2: Ball
3-2: Base on Balls
Batting: RHB Min-gook Ch'oe 0-0: Ground out 4-3 (Groundball, 4, EV 92.5 MPH)
Top of the 1st over - 0 runs, 0 hits, 0 errors, 1 left on base; Augusta 0 - Pennsauken 0
BOTTOM OF THE 1ST
Pennsauken Flyers batting - Pitching for Augusta Timber Hawks : LHP Sean Halls
Pitching: LHP Sean Halls
Batting: RHB Sixto Estrada 0-0: Ball
1-0: Foul Ball, location: 2F
1-1: Called Strike
1-2: Foul Ball, location: 2F
1-2: Fly out, F7 (Flyball, 78S, EV 96.9 MPH)
Batting: LHB Ignacio Martínez 0-0: Foul Ball, location: 2F
0-1: Ball
1-1: Ball
2-1: Foul Ball, location: 2F
2-2: Ground out 4-3 (Groundball, 4, EV 81.9 MPH)
Batting: RHB Carl Herbert 0-0: Ball
1-0: Called Strike
1-1: Swinging Strike
1-2: Ball
2-2: Strikes out swinging
Bottom of the 1st over - 0 runs, 0 hits, 0 errors, 0 left on base; Augusta 0 - Pennsauken 0
TOP OF THE 2ND
Augusta Timber Hawks batting - Pitching for Pennsauken Flyers : RHP Santo Velazco
Batting: RHB Adam Smith 0-0: Foul Ball, location: 2F
0-1: Called Strike
0-2: Ball
1-2: Ball
2-2: Ball
3-2: Fly out, F7 (Flyball, 7LS, EV 83.8 MPH)
Batting: RHB David Martínez 0-0: Ball
1-0: Fly out, F8 (Flyball, 89M, EV 85.6 MPH)
Batting: LHB Ramiro Palmeiro 0-0: Called Strike
0-1: Ball
1-1: Foul Ball, location: 2F
1-2: Ball
2-2: Ball
3-2: Strikes out looking
Top of the 2nd over - 0 runs, 0 hits, 0 errors, 0 left on base; Augusta 0 - Pennsauken 0
BOTTOM OF THE 2ND
Pennsauken Flyers batting - Pitching for Augusta Timber Hawks : LHP Sean Halls
Batting: RHB Arturo Annunziato 0-0: Ball
1-0: Foul Ball, location: 2F
1-1: Ground out 6-3 (Groundball, 6M, EV 84.4 MPH)
Batting: RHB Juan Mata 0-0: Ball
1-0: Foul Ball, location: 2F
1-1: Ground out 5-3 (Groundball, 5, EV 95.6 MPH)
Batting: RHB Raúl Moreno 0-0: Called Strike
0-1: Ball
1-1: Ball
2-1: Ground out 5-3 (Groundball, 5, EV 78.8 MPH)
Bottom of the 2nd over - 0 runs, 0 hits, 0 errors, 0 left on base; Augusta 0 - Pennsauken 0
TOP OF THE 3RD
Augusta Timber Hawks batting - Pitching for Pennsauken Flyers : RHP Santo Velazco
Batting: RHB Jesús Recesvinto 0-0: Foul Ball, location: 2F
0-1: Ground out 1-3 (Groundball, 34S, EV 76.9 MPH)
Batting: SHB Hong-bo Zhui 0-0: Foul Ball, location: 2F
0-1: Foul Ball, location: 2F
0-2: Ground out 6-3 (Groundball, 6, EV 85.6 MPH)
Batting: SHB Francisco Enríquez 0-0: Ball
1-0: Ground out 6-3 (Groundball, 6M, EV 82.5 MPH)
Top of the 3rd over - 0 runs, 0 hits, 0 errors, 0 left on base; Augusta 0 - Pennsauken 0
BOTTOM OF THE 3RD
Pennsauken Flyers batting - Pitching for Augusta Timber Hawks : LHP Sean Halls
Batting: LHB Jorge Ortíz 0-0: Ball
1-0: Ball
2-0: Foul Ball, location: 2F
2-1: Fly out, F9 (Flyball, 9S, EV 92.5 MPH)
Batting: RHB Tomás Gonzáles 0-0: Foul Ball, location: 2F
0-1: Ball
1-1: Ball
2-1: DOUBLE (Flyball, 89D, EV 100.0 MPH)
Batting: LHB Michael Cochran 0-0: Ball
1-0: Ball
2-0: Called Strike
2-1: Fly out, F8 (Flyball, 89M, EV 93.1 MPH)
Batting: RHB Sixto Estrada 0-0: Foul Ball, location: 2F
0-1: Ball
1-1: Ball
2-1: Ball
3-1: SINGLE (Line Drive, 8RS, EV 88.1 MPH)
Tomás Gonzáles to third
Runner from 3rd tries for Home, SAFE, throw by CF to home
Batting: LHB Ignacio Martínez 0-0: Ball
1-0: Called Strike
1-1: Ball
2-1: Foul Ball, location: 2F
2-2: Ball
3-2: Foul Ball, location: 2F
3-2: Fly out, F3 (Line Drive, 4, EV 71.9 MPH)
Bottom of the 3rd over - 1 run, 2 hits, 0 errors, 1 left on base; Augusta 0 - Pennsauken 1
TOP OF THE 4TH
Augusta Timber Hawks batting - Pitching for Pennsauken Flyers : RHP Santo Velazco
Batting: LHB César Gómes 0-0: Foul Ball, location: 2F
0-1: Ball
1-1: Ball
2-1: SINGLE (Flyball, 89S, EV 98.1 MPH)
Batting: LHB Henry Buckley 0-0: Ball
1-0: Ball
2-0: Ball
3-0: Called Strike
3-1: Foul Ball, location: 2F
3-2: Fielders Choice at 2nd, 4-6 (Groundball, 34D, EV 83.1 MPH)
Batting: RHB Min-gook Ch'oe 0-0: Foul Ball, location: 2F
0-1: Called Strike
0-2: Foul Ball, location: 2F
0-2: Ball
1-2: Ball
2-2: Fly out, F8 (Flyball, 8LM, EV 99.4 MPH)
Batting: RHB Adam Smith 0-0: Called Strike
Pickoff Throw to First - Out! 1-3
Top of the 4th over - 0 runs, 1 hit, 0 errors, 0 left on base; Augusta 0 - Pennsauken 1
BOTTOM OF THE 4TH
Pennsauken Flyers batting - Pitching for Augusta Timber Hawks : LHP Sean Halls
Batting: RHB Carl Herbert 0-0: Ball
1-0: Ball
2-0: Ball
3-0: Called Strike
3-1: Called Strike
3-2: SINGLE (Line Drive, 8LS, EV 110.6 MPH)
Batting: RHB Arturo Annunziato 0-0: Ball
1-0: Ball
2-0: Ball
3-0: Called Strike
3-1: Base on Balls
Carl Herbert to second
Batting: RHB Juan Mata 0-0: Called Strike
0-1: Ball
1-1: Ball
2-1: Ball
3-1: Base on Balls
Carl Herbert to third
Arturo Annunziato to second
Batting: RHB Raúl Moreno 0-0: Called Strike
0-1: Foul Ball, location: 2F
0-2: Ball
1-2: Ball
2-2: Ball
3-2: Fly out, F3 (Popup, 3, EV 81.2 MPH)
Batting: LHB Jorge Ortíz 0-0: Foul Ball, location: 2F
0-1: Ball
1-1: Ball
2-1: Swinging Strike
2-2: Foul Ball, location: 2F
2-2: SINGLE (Groundball, 34D, EV 102.5 MPH)
Carl Herbert scores
Arturo Annunziato to third
Juan Mata to second
Runner from 3rd tries for Home, SAFE, throw by RF to home
Batting: RHB Tomás Gonzáles 0-0: Called Strike
0-1: Swinging Strike
0-2: Ball
1-2: Foul Ball, location: 2F
1-2: SINGLE (Line Drive, 3D, EV 98.8 MPH)
Juan Mata to third
Jorge Ortíz to second
Runner from 3rd tries for Home, SAFE, throw by RF to home
Batting: LHB Michael Cochran 0-0: Called Strike
0-1: Foul Ball, location: 2F
0-2: Fly out, F7 (Flyball, 78D, EV 94.4 MPH)
Batting: RHB Sixto Estrada 0-0: SINGLE (Line Drive, 4D, EV 96.9 MPH)
Jorge Ortíz to third
Tomás Gonzáles to second
Runner from 3rd tries for Home, SAFE, throw by RF to home
Pitching: LHP Carlos Medina
Batting: LHB Ignacio Martínez 0-0: Ball
1-0: Foul Ball, location: 2F
1-1: Fly out, F7 (Flyball, 7S, EV 95.6 MPH)
Bottom of the 4th over - 4 runs, 4 hits, 0 errors, 2 left on base; Augusta 0 - Pennsauken 5
TOP OF THE 5TH
Augusta Timber Hawks batting - Pitching for Pennsauken Flyers : RHP Santo Velazco
Batting: RHB Adam Smith 0-0: Ground out 1-3 (Groundball, P, EV 89.4 MPH)
Batting: RHB David Martínez 0-0: Hit by Pitch
Pinch Runner at 1st Pat Sizemore:
Batting: LHB Ramiro Palmeiro 0-0: Called Strike
0-1: Foul Ball, location: 2F
0-2: Ball
1-2: Ball
2-2: SINGLE (Line Drive, 8LS, EV 102.5 MPH)
Pat Sizemore to second
Batting: RHB Jesús Recesvinto 0-0: Called Strike
0-1: Fly out, F7 (Line Drive, 7, EV 93.8 MPH)
Batting: SHB Hong-bo Zhui 0-0: Ball
1-0: Foul Ball, location: 2F
1-1: Fly out, F8 (Line Drive, 8RM, EV 90.6 MPH)
Top of the 5th over - 0 runs, 1 hit, 0 errors, 2 left on base; Augusta 0 - Pennsauken 5
BOTTOM OF THE 5TH
Pennsauken Flyers batting - Pitching for Augusta Timber Hawks : LHP Carlos Medina
Now at C: Mike Goff
Batting: RHB Carl Herbert 0-0: Ball
1-0: Foul Ball, location: 2F
1-1: Fly out, F9 (Flyball, 89S, EV 89.4 MPH)
Batting: RHB Arturo Annunziato 0-0: Ball
1-0: Ball
2-0: Ball
3-0: Base on Balls
Batting: RHB Juan Mata 0-0: Ball
1-0: Swinging Strike
1-1: Ball
2-1: Called Strike
2-2: SINGLE (Groundball, 56D, EV 99.4 MPH)
Arturo Annunziato to second
Batting: RHB Raúl Moreno 0-0: Foul Ball, location: 2F
0-1: Ball
1-1: Swinging Strike
1-2: Strikes out looking
Batting: LHB Jorge Ortíz 0-0: Called Strike
0-1: Ball
1-1: Called Strike
1-2: Ball
2-2: Strikes out swinging
Bottom of the 5th over - 0 runs, 1 hit, 0 errors, 2 left on base; Augusta 0 - Pennsauken 5
TOP OF THE 6TH
Augusta Timber Hawks batting - Pitching for Pennsauken Flyers : RHP Santo Velazco
Batting: SHB Francisco Enríquez 0-0: Ball
1-0: Ball
2-0: Called Strike
2-1: Foul Ball, location: 2F
2-2: Ball
3-2: Strikes out swinging
Batting: LHB César Gómes 0-0: Ball
1-0: Foul Ball, location: 2F
1-1: Foul Ball, location: 2F
1-2: Ball
2-2: Ball
3-2: Foul Ball, location: 2F
3-2: Fly out, F6 (Flyball, 5D, EV 81.9 MPH)
Batting: LHB Henry Buckley 0-0: Ball
1-0: Swinging Strike
1-1: Foul Ball, location: 2F
1-2: Ball
2-2: Strikes out swinging
Top of the 6th over - 0 runs, 0 hits, 0 errors, 0 left on base; Augusta 0 - Pennsauken 5
BOTTOM OF THE 6TH
Pennsauken Flyers batting - Pitching for Augusta Timber Hawks : LHP Carlos Medina
Batting: RHB Tomás Gonzáles 0-0: Foul Ball, location: 2F
0-1: Ball
1-1: Ball
2-1: Called Strike
2-2: Strikes out swinging
Batting: LHB Michael Cochran 0-0: Called Strike
0-1: Called Strike
0-2: Ball
1-2: Foul Ball, location: 2F
1-2: Strikes out looking
Batting: RHB Sixto Estrada 0-0: Fly out, F9 (Flyball, 9S, EV 83.8 MPH)
Bottom of the 6th over - 0 runs, 0 hits, 0 errors, 0 left on base; Augusta 0 - Pennsauken 5
TOP OF THE 7TH
Augusta Timber Hawks batting - Pitching for Pennsauken Flyers : RHP Santo Velazco
Pitching: RHP Willis Pittman
Batting: RHB Min-gook Ch'oe 0-0: Fly out, F8 (Flyball, 89M, EV 79.4 MPH)
Batting: RHB Adam Smith 0-0: Ball
1-0: Called Strike
1-1: Foul Ball, location: 2F
1-2: Ball
2-2: Ball
3-2: Fly out, F8 (Flyball, 8RD, EV 103.1 MPH)
Batting: LHB Mike Goff 0-0: Foul Ball, location: 2F
0-1: Ball
1-1: Ball
2-1: Fly out, F7 (Flyball, 78S, EV 91.2 MPH)
Top of the 7th over - 0 runs, 0 hits, 0 errors, 0 left on base; Augusta 0 - Pennsauken 5
BOTTOM OF THE 7TH
Pennsauken Flyers batting - Pitching for Augusta Timber Hawks : LHP Carlos Medina
Batting: LHB Ignacio Martínez 0-0: Fly out, F1 (Popup, P, EV 89.4 MPH)
Batting: RHB Carl Herbert 0-0: Ball
1-0: Ground out 1-3 (Groundball, 15S, EV 70.0 MPH)
Batting: RHB Arturo Annunziato 0-0: Ball
1-0: Ground out 5-3 (Groundball, 56, EV 83.1 MPH)
Bottom of the 7th over - 0 runs, 0 hits, 0 errors, 0 left on base; Augusta 0 - Pennsauken 5
TOP OF THE 8TH
Augusta Timber Hawks batting - Pitching for Pennsauken Flyers : RHP Willis Pittman
Batting: LHB Ramiro Palmeiro 0-0: Ball
1-0: Ball
2-0: Fly out, F9 (Line Drive, 9, EV 93.1 MPH)
Batting: RHB Jesús Recesvinto 0-0: Ball
1-0: Ball
2-0: Called Strike
2-1: Ball
3-1: Foul Ball, location: 2F
3-2: Base on Balls
Batting: SHB Hong-bo Zhui 0-0: Ball
1-0: Ball
2-0: Swinging Strike
2-1: SINGLE (Groundball, 4M, EV 95.6 MPH) (infield hit)
Jesús Recesvinto to second
Batting: SHB Francisco Enríquez 0-0: Foul Ball, location: 2F
0-1: Ball
1-1: Ball
2-1: Ball
3-1: Fielders Choice at 2nd, 4-6 (Groundball, 4, EV 105.0 MPH)
Jesús Recesvinto to third
Batting: LHB César Gómes 0-0: Ground out 4-3 (Groundball, 4, EV 84.4 MPH)
Top of the 8th over - 0 runs, 1 hit, 0 errors, 2 left on base; Augusta 0 - Pennsauken 5
BOTTOM OF THE 8TH
Pennsauken Flyers batting - Pitching for Augusta Timber Hawks : LHP Carlos Medina
Batting: RHB Juan Mata 0-0: Swinging Strike
0-1: SOLO HOME RUN (Flyball, 7D, EV 95.0 MPH), Distance : 379 ft
Batting: RHB Raúl Moreno 0-0: Swinging Strike
0-1: Swinging Strike
0-2: Strikes out looking
Batting: LHB Jorge Ortíz 0-0: Ball
1-0: Ball
2-0: Ball
3-0: Called Strike
3-1: Ground out 6-3 (Groundball, 56, EV 86.9 MPH)
Batting: RHB Tomás Gonzáles 0-0: Called Strike
0-1: Ball
1-1: Foul Ball, location: 2F
1-2: Ground out 5-3 (Groundball, 5, EV 84.4 MPH)
Bottom of the 8th over - 1 run, 1 hit, 0 errors, 0 left on base; Augusta 0 - Pennsauken 6
TOP OF THE 9TH
Augusta Timber Hawks batting - Pitching for Pennsauken Flyers : RHP Willis Pittman
Batting: LHB Henry Buckley 0-0: Ball
1-0: Ball
2-0: Fly out, F8 (Flyball, 8RM, EV 96.9 MPH)
Batting: RHB Min-gook Ch'oe 0-0: Called Strike
0-1: Foul Ball, location: 2F
0-2: Ball
1-2: Ball
2-2: Ball
3-2: DOUBLE (Line Drive, 9LS, EV 98.1 MPH)
Batting: RHB Adam Smith 0-0: Fly out, F8 (Line Drive, 8LD, EV 96.2 MPH)
Batting: LHB Mike Goff 0-0: 2-RUN HOME RUN (Flyball, 89XD, EV 112.5 MPH), Distance : 396 ft
Batting: LHB Ramiro Palmeiro 0-0: Ball
1-0: Ball
2-0: Called Strike
2-1: Ball
3-1: Base on Balls
Pitching: LHP Hao Wei
Batting: RHB Jesús Recesvinto 0-0: Called Strike
0-1: Fielders Choice at 2nd, 6-4 (Groundball, 6, EV 83.8 MPH)
Top of the 9th over - 2 runs, 2 hits, 0 errors, 1 left on base; Augusta 2 - Pennsauken 6
Friday, April 17th, 2020 - OOTP Baseball 20.8 Build 74